 Dungeon Crawl Stone Soup version 0.32-a0-913-g739538afd8 (webtiles) character file.

Game seed: 13494069767286608607

54 Sabo the Charlatan (level 3, -2/29 HPs)
             Began as a Minotaur Artificer on Apr 7, 2024.
             Slain by a gnoll
             ... wielding a +0 halberd
              (8 damage)
             ... on level 2 of the Dungeon.
             The game lasted 00:05:47 (1161 turns).

Sabo the Charlatan (Minotaur Artificer)             Turns: 1161, Time: 00:05:50

Health: -2/29      AC:  9    Str: 18    XL:     3   Next: 66%
Magic:  2/2        EV:  7    Int:  8    God:
Gold:   33         SH:  0    Dex: 10    Spells: 2/2 levels left

rFire   . . .        j - +0 falchion
rCold   . . .        (no shield)
rNeg    . . .        b - +0 chain mail
rPois   .            (helmet restricted)
rElec   .            (no cloak)
rCorr   .            (no gloves)
SInv    .            (no boots)
Will    .....        (no amulet) Stlth
                     (no ring)
HPRegen 0.24/turn    (no ring)
MPRegen 0.08/turn

%: no passive effects
@: no status effects
A: horns 2, retaliatory headbutt
a: no special abilities


You were on level 2 of the Dungeon.
You visited 1 branch of the dungeon, and saw 2 of its levels.

You collected 33 gold pieces.

Inventory:

Hand Weapons
 j - a +0 falchion (weapon)
Armour
 b - a +0 chain mail (worn)
Wands
 c - a wand of flame (13) (quivered)
 d - a wand of charming (15)
 e - a wand of iceblast (5)
Scrolls
 a - a scroll of revelation {unknown}
 f - a scroll of silence
 g - a scroll of vulnerability {unknown}
 h - a scroll of fear {unknown}
Potions
 i - 2 potions of enlightenment {unknown}
 k - a potion of heal wounds {unknown}


   Skills:
 + Level 1.7 Fighting
 + Level 1.0 Long Blades
 + Level 0.2 Maces & Flails
 + Level 3.1 Armour
 + Level 1.2 Dodging
 + Level 0.8 Stealth
 + Level 3.5 Evocations


You had 2 spell levels left.
You didn't know any spells.
Your spell library contained the following spells:

 Spells                   Type           Power      Damage    Failure   Level
 Fugue of the Fallen      Necr           0%         N/A       100%        3
 Ozocubu's Armour         Ice            0%         N/A       100%        3
 Manifold Assault         Tloc           0%         N/A       100%        7


Dungeon Overview and Level Annotations

Branches:
Dungeon (2/15)

Altars:


Innate Abilities, Weirdness & Mutations

You have a pair of horns on your head.
You reflexively headbutt those who attack you in melee.


Message History

The gnoll is moderately wounded.
The gnoll hits you with a +0 flail.
You closely miss the gnoll. You headbutt the gnoll.
The gnoll is heavily wounded.
The gnoll barely misses you. x2; The gnoll hits you with a +0 flail.
The gnoll hits you from afar with a +0 halberd!
You barely miss the gnoll. Your headbutt misses the gnoll.
The gnoll is heavily wounded.
The gnoll closely misses you. x2
You completely miss the gnoll. Your headbutt misses the gnoll.
The gnoll is heavily wounded.
The gnoll closely misses you. The gnoll hits you with a +0 flail.
You closely miss the gnoll.
You headbutt the gnoll, but do no damage.
The gnoll is heavily wounded.
The gnoll closely misses you. The gnoll hits you with a +0 flail.
* * * LOW HITPOINT WARNING * * *
The gnoll hits you from afar with a +0 halberd.
* * * LOW HITPOINT WARNING * * *
The gnoll hits you with a +0 flail.
* * * LOW HITPOINT WARNING * * *
There are monsters nearby!
Aiming: Iceblast
Press: ? - help, Shift-Dir - straight line, f - gnoll
Aim: a gnoll, wielding a +0 halberd
Okay, then.
Aiming: Throw Flame
Press: ? - help, Shift-Dir - straight line, f - gnoll
Aim: a gnoll, wielding a +0 flail (heavily wounded, 75% to hit)
The puff of flame hits the gnoll!
You kill the gnoll!
Your Long Blades skill increases to level 1!
Aiming: Throw Flame
Press: ? - help, Shift-Dir - straight line, f - gnoll
Aim: a gnoll, wielding a +0 halberd (75% to hit)
The puff of flame hits the gnoll!
The gnoll is severely wounded.
You hear a shout!
The gnoll hits you from afar with a +0 halberd!
You die...

... ...##
..... #....
#....###
#$.....#
#.####g#
#)# #@# #.#
#.# #[# #
#. ### #.#
. .. ...
#.# ###.##
##.## #.# #
.... ...
#)#
#.##.####.#
#.#


You could see a gnoll.

Vanquished Creatures
  2 gnolls
  A dart slug (D:1)
  5 ball pythons (D:1)
  3 endoplasms (D:1)
  4 goblins
  A hobgoblin (D:1)
  4 jackals (D:2)
  2 kobolds (D:2)
  A quokka (D:2)
  3 bats
  6 frilled lizards
  2 rats (D:1)
34 creatures vanquished.

Notes
Turn   | Place    | Note
-------+----------+-------------------------------------------
     0 | D:1      | Sabo the Minotaur Artificer began the quest for the Orb.
     0 | D:1      | Reached XP level 1. HP: 16/16 MP: 0/0
    51 | D:1      | Reached XP level 2. HP: 6/23 MP: 1/1
   575 | D:1      | Reached XP level 3. HP: 28/28 MP: 2/2
  1161 | D:2      | Reached skill level 1 in Long Blades
  1161 | D:2      | Slain by a gnoll

Illustrated notes

Levels and vault maps discovered:
D:1:      dpeg_arrival_short_road, layout_loops_ring, kennysheep_crisscross,
          st_stairs_1, chequers_serial_rivers_marsh
D:2:      layout_basic

Skill      XL: |  1  2  3 |
---------------+----------+-----
Evocations     | 3 |  3.5
Armour         | 3 |  3.1
Long Blades    | 1 |  1.0
Fighting       | |  1.7
Maces & Flails | |  0.2
Dodging        | |  1.2
Stealth        | |  0.8

Action                     || total
---------------------------++-------
  Melee: Club              ||    27
         Headbutt          ||    13
         Falchion          ||    67
  Evoke: Wand              ||     2
    Use: Scroll            ||     1
 Armour: Leather armour    ||    41
         Ring mail         ||     9
         Chain mail        ||    41
  Dodge: Dodged            ||    54

Table legend: (Time is in decaauts)
 A = Elapsed time spent in this place.
 B = Non-inter-level travel time spent in this place.
 C = Inter-level travel time spent in this place.
 D = Time resting spent in this place.
 E = Time spent auto-exploring this place.
 F = Levels seen in this place.
 G = Mean time per level.
                   A        B        C        D        E       F      G
               +--------+--------+--------+--------+--------+-----+--------+
         Total |   1192 |   1192 |      0 |    203 |      0 |   2 |  596.0 |
       Dungeon |   1192 |   1192 |      0 |    203 |      0 |   2 |  596.0 |
               +--------+--------+--------+--------+--------+-----+--------+

Top non-repeatable levels by time:
     D:1: 972 daAuts
     D:2: 219 daAuts
